 Dungeon Crawl Stone Soup version 0.25.1-8-g42b30a86e7 (webtiles) character file.

Game seed: 9871627872092806899

5995 Gabide the Grappler (level 10, -2/75 (80) HPs)
             Began as a Ghoul Abyssal Knight on Dec 11, 2020.
             Was a High Priest of Lugonu.
             Slain by an ogre
             ... wielding a +0 giant club
              (3 damage)
             ... on level 8 of the Dungeon.
             The game lasted 00:22:28 (11772 turns).

Gabide the Grappler (Ghoul Abyssal Knight)         Turns: 11772, Time: 00:22:29

HP:   -2/75 (80)    AC: 13    Str: 20    XL:     10   Next: 85%
MP:   7/10          EV: 12    Int:  7    God:    Lugonu [*****.]
Gold: 351           SH:  0    Dex:  8    Spells: 9/9 levels left

rFire    + . .     SeeInvis .     - Unarmed
rCold    + . .     Gourm    .   (no shield)
rNeg     + + +     Faith    +   n - +1 scale mail
rPois    ∞         Spirit   .   (no helmet)
rElec    .         Reflect  .   i - +1 cloak
rCorr    +         Harm     .   k - +0 pair of gloves
MR       .....                  p - +1 pair of boots
Stlth    ..........             h - amulet of faith
HPRegen  0.00/turn              t - ring of protection from fire
MPRegen  0.12/turn              u - ring of resist corrosion

@: rotting
A: rotting body, claws 1, carnivore, cold resistance 1, negative energy
resistance 3, inhibited regeneration, torment resistance, unbreathing
a: Depart the Abyss, Bend Space, Banish, Corrupt, Enter the Abyss, Renounce
Religion


You were on level 8 of the Dungeon.
You worshipped Lugonu.
Lugonu was extremely pleased with you.
You were hungry.

You visited 1 branch of the dungeon, and saw 9 of its levels.
You visited the Abyss 1 time.
You also visited: Ossuary.

You collected 351 gold pieces.

Inventory:

Missiles
 e - 109 stones
 f - 17 poisoned darts (quivered)
Armour
 i - a +1 cloak (worn)
 k - a +0 pair of gloves (worn)
 n - a +1 scale mail (worn)
 p - a +1 pair of boots (worn)
Magical Staves
 w - an uncursed staff of earth {unknown}
Jewellery
 h - an amulet of faith (around neck)
 t - a ring of protection from fire (left hand)
 u - a ring of resist corrosion (right hand)
Wands
 v - a wand of paralysis (6)
 y - a wand of enslavement (12)
Scrolls
 a - 2 scrolls of enchant weapon
 j - 2 scrolls of teleportation
 l - 4 scrolls of remove curse
 m - a scroll of immolation
 r - 2 scrolls of fog
 A - a scroll of enchant armour
Potions
 c - a potion of ambrosia
 d - 2 potions of flight
 g - 2 potions of curing
 o - a potion of might {unknown}
 q - a potion of magic {unknown}
 s - 3 potions of brilliance {unknown}
 x - a potion of stabbing
Comestibles
 b - 10 rations


   Skills:
 + Level 4.4 Fighting
 + Level 8.4 Throwing
 + Level 4.5 Armour
 + Level 7.0 Dodging
 * Level 12.4 Unarmed Combat
 - Level 2.1 Invocations


You had 9 spell levels left.
You didn't know any spells.
Your spell library contained the following spells:

 Spells                   Type           Power        Failure   Level  Hunger
 Magic Dart               Conj           #...         77%         1    ##.....
 Blink                    Tloc           N/A          88%         2    ###....
 Call Imp                 Summ           #.......     88%         2    ###....
 Slow                     Hex            #.......     88%         2    ###....
 Confusing Touch          Hex            #.......     98%         3    ####...
 Conjure Flame            Conj/Fire      #.......     98%         3    ####...
 Gell's Gravitas          Tloc           #.........   98%         3    ####...
 Mephitic Cloud           Conj/Pois/Air  #.......     98%         3    ####...
 Petrify                  Tmut/Erth      #.......     100%        4    #####..
 Metabolic Englaciation   Hex/Ice        #.........   100%        5    ######.
 Yara's Violent Unravell  Hex/Tmut       #.........   100%        5    ######.


Dungeon Overview and Level Annotations

Branches:
Dungeon (9/15)             Temple (0/1) D:4         Ossuary (visited)
   Lair: D:8-11         Orc: D:9-12

Altars:
Fedhas
Yredelemnul


Innate Abilities, Weirdness & Mutations

Your body is rotting away.
You thrive on raw meat.
You are immune to poison.
You have sharp fingernails.
You are carnivorous and can eat meat at any time.
Your flesh is cold resistant. (rC+)
You are immune to negative energy. (rN+++)
You do not regenerate when monsters are visible.
You are immune to unholy pain and torment.
You can survive without breathing.


Message History

* * * LOW HITPOINT WARNING * * *
Quivering
f - 19 poisoned darts for throwing.
Space bends around you!
You blink.
The ogre hits you with a +0 giant club!
* * * LOW HITPOINT WARNING * * *
Space bends around you!
You blink.
Throwing (i - inventory. (/) - cycle)
f - 19 poisoned darts (quivered)
Press: ? - help, Shift-Dir - straight line, f/p - ogre
Aim: an ogre, wielding a +0 giant club (heavily wounded)
You throw a poisoned dart.
The poisoned dart barely misses the ogre.
Throwing (i - inventory. (/) - cycle)
f - 18 poisoned darts (quivered)
Press: ? - help, Shift-Dir - straight line, f/p - ogre
Aim: an ogre, wielding a +0 giant club (translocational energy, heavily wounded)
You throw a poisoned dart. The poisoned dart hits the ogre!
The ogre is poisoned.
The ogre is heavily wounded.
Press: ? - help, Shift-Dir - straight line, f/p - ogre
Aim: an ogre, wielding a +0 giant club (almost dead, poisoned, chance to defeat MR: 81%)
You fail to use your ability.
The ogre hits you with a +0 giant club.
You die...

#.#.###.# #...........# #
###.#.# #.# #..########)# #
#.....# #.#####).# #># #
#.#.### #........########[# #
###.#.###########...........# #
.............# #.####.####[# #
###.#.######.# #.####.####(# #
#.#.# #.####..........(#####
#.#.######....@O.......(.......
#.#.##...........###.####.#####
#.#.##.#########.###.## #.#
#.#.##.# #.##...###.# #.#.##.#
#........>.#
#.#.##.############...#####
#.#..................##
#.####.############### #.# #.#


You could see an ogre (poisoned).

Vanquished Creatures
  Maggie (D:6)
  A hornet (D:8)
  Sigmund (D:6)
  6 yaks (D:8)
  Menkaure (D:6)
  A black bear (D:8)
  Duvessa (D:7)
  An orc warrior (D:8)
  2 ice beasts
  A hornet zombie (D:8)
  4 ogres
  3 phantoms
  A sky beast (D:6)
  A centaur (D:8)
  5 elf zombies (Ossuary)
  A bullfrog (D:8)
  A water moccasin zombie (D:5)
  Dowan (D:7)
  A scorpion (D:4)
  A water moccasin skeleton (D:3)
  3 killer bees (D:7)
  4 wights (D:7)
  A howler monkey (D:8)
  5 centaur zombies
  5 crimson imps
  A quasit (D:6)
  2 hounds
  2 jellies (D:7)
  2 bullfrog skeletons (D:5)
  A gnoll shaman (D:4)
  3 human zombies (Ossuary)
  2 orc priests
  11 orc wizards
  4 centaur skeletons
  Jessica (D:3)
  4 iguanas
  6 worker ants
  2 hound skeletons
  3 mummies (Ossuary)
  3 gnolls (D:4)
  A worker ant zombie (D:6)
  11 adders
  2 shadow imps (D:7)
  An ooze (D:7)
  4 worms
  2 dart slugs
  3 leopard geckos
  28 orcs
  2 ball pythons
  11 bats
  8 giant cockroaches
  9 goblins
  8 hobgoblins
  14 jackals
  3 quokkas
  4 frilled lizards
  11 kobolds
  3 quokka skeletons (D:5)
  13 rats
238 creatures vanquished.

Notes
Turn   | Place    | Note
-------+----------+-------------------------------------------
     0 | Abyss:1  | Gabide the Ghoul Abyssal Knight began the quest for the
                  | Orb.
     0 | Abyss:1  | Reached XP level 1. HP: 19/19 MP: 1/1
    32 | Abyss:1  | Noticed a large abomination
    33 | D:1      | Escaped the Abyss
    97 | D:1      | Reached * piety under Lugonu
   211 | D:1      | Reached XP level 2. HP: 12/27 MP: 2/2
  1032 | D:1      | Reached skill level 1 in Dodging
  1083 | D:1      | Reached XP level 3. HP: 18/33 MP: 3/3
  2343 | D:2      | Reached XP level 4. HP: 40/40 MP: 4/4
  2519 | D:2      | Reached skill level 1 in Throwing
  2835 | D:3      | Found a faded altar of an unknown god.
  2863 | D:3      | Reached ** piety under Lugonu
  3093 | D:3      | Reached skill level 3 in Unarmed Combat
  3093 | D:3      | Reached XP level 5. HP: 45/46 MP: 5/5
  3431 | D:3      | Noticed Jessica
  3440 | D:3      | Killed Jessica
  3803 | D:4      | Reached XP level 6. HP: 49/52 MP: 6/6
  3910 | D:4      | Found a staircase to the Ecumenical Temple.
  3953 | D:4      | Reached skill level 4 in Unarmed Combat
  3955 | D:4      | Reached *** piety under Lugonu
  4025 | D:4      | HP: 1/52 [centaur skeleton (4)]
  4028 | D:4      | Reached skill level 9 in Unarmed Combat
  4028 | D:4      | Reached XP level 7. HP: 1/59 MP: 7/7
  4905 | D:5      | Entered Level 5 of the Dungeon
  4913 | D:5      | Reached XP level 8. HP: 66/66 MP: 8/8
  5672 | D:5      | Found a sand-covered staircase.
  5677 | Ossuary  | Entered an ossuary
  6531 | D:5      | Reached XP level 9. HP: 62/67 MP: 9/9
  6601 | D:5      | Reached **** piety under Lugonu
  6769 | D:5      | Reached skill level 10 in Unarmed Combat
  6831 | D:5      | Found a blossoming altar of Fedhas.
  7598 | D:6      | Noticed Menkaure
  7609 | D:6      | Killed Menkaure
  7689 | D:6      | Found a basalt altar of Yredelemnul.
  7720 | D:6      | Reached ***** piety under Lugonu
  7770 | D:6      | Noticed Maggie
  7795 | D:6      | Killed Maggie
  7865 | D:6      | Noticed Sigmund
  7881 | D:6      | Killed Sigmund
  8831 | D:7      | Reached skill level 11 in Unarmed Combat
  8906 | D:7      | Noticed Dowan
  8906 | D:7      | Identified the +1 dagger of Xoub {elec, rF+ Dex+3}
  8906 | D:7      | Noticed Duvessa
  8919 | D:7      | Killed Duvessa
  8920 | D:7      | Killed Dowan
  8920 | D:7      | Reached XP level 10. HP: 76/77 MP: 10/10
 10872 | D:8      | Reached skill level 12 in Unarmed Combat
 11761 | D:8      | HP: 3/75 [ogre/+0 giant club (13)]
 11772 | D:8      | Slain by an ogre

Illustrated notes

Levels and vault maps discovered:
D:1:      lightli_arrival_statue_moat, layout_loops_ring
D:2:      layout_basic, first_ration
D:3:      layout_basic, chequers_ecumenical_altar_grove, minmay_box_of_dots,
          uniq_jessica
D:4:      layout_rooms, temple_statues
D:5:      layout_basic, enter_ossuary_2, chequers_mini_garden,
          fedhas_ov_isle_minmay
D:6:      layout_loops_corners, kennysheep_mini_moat, gup_sewer_entry_spiral,
          uniq_sigmund, uniq_menkaure, uniq_maggie
D:7:      layout_loops_cross, uniq_duvessa
D:8:      layout_loops_ring
D:9:      gammafunk_steamed_eel, layout_cave_pools, basic_altar,
          hangedman_little_slice_of_home

Skill      XL: |  1  2  3  4  5  6  7  8  9 10 |
---------------+-------------------------------+-----
Armour         | 2 3 4 |  4.5
Fighting       | 4 |  4.4
Dodging        | 1 6 7 |  7.0
Throwing       | 2 3 7 8 |  8.4
Unarmed Combat | 3 9 11 12 | 12.4
Invocations    | |  2.1

Action                   |  1- 3 |  4- 6 |  7- 9 | 10-12 || total
-------------------------+-------+-------+-------+-------++-------
Melee: Unarmed           |   158 |   212 |   484 |   274 ||  1128
       Punch             |     1 |     3 |    13 |    11 ||    28
Throw: Dart              |    15 |    63 |   100 |    34 ||   212
       Stone             |    26 |       |    19 |    11 ||    56
Invok: Depart the Abyss  |     1 |       |       |       ||     1
       Bend Space        |       |     2 |    10 |    11 ||    23
  Use: Scroll            |     3 |     4 |    12 |       ||    19
       Potion            |       |     2 |     2 |       ||     4
  Eat: Chunk             |     3 |     5 |    15 |     6 ||    29
       Ration            |     1 |       |     1 |     1 ||     3
Armor: Leather armour    |    68 |    27 |       |       ||    95
       Scale mail        |       |    61 |   223 |    95 ||   379
Dodge: Dodged            |   109 |   113 |   248 |   143 ||   613
